 Dungeon Crawl Stone Soup version 0.25.1-8-g42b30a86e7 (webtiles) character file.

Game seed: 14731677974628528507

6932 pokeman the Thaumaturge (level 10, -1/58 HPs)
             Began as a Deep Elf Wizard on Dec 14, 2020.
             Was a Believer of Vehumet.
             Slain by a bullfrog (7 damage)
             ... on level 10 of the Dungeon on Dec 15, 2020.
             The game lasted 00:26:48 (12725 turns).

pokeman the Thaumaturge (Deep Elf Wizard)          Turns: 12725, Time: 00:26:48

Health: -1/58      AC:  5    Str:  4    XL:     10   Next: 80%
Magic:  2/29       EV: 20    Int: 27    God:    Vehumet [**....]
Gold:   559        SH:  0    Dex: 13    Spells: 21/36 levels left

rFire    + . .     SeeInvis .   w - +1 dagger (venom)
rCold    + . .     Gourm    .   (no shield)
rNeg     . . .     Faith    .   C - +0 leather armour (curse)
rPois    .         Spirit   .   N - +0 helmet
rElec    .         Reflect  .   O - scarf {rC+ rF+}
rCorr    .         Harm     .   t - +0 pair of gloves
MR       +....                  (no boots)
Stlth    ++........             (no amulet)
HPRegen  0.19/turn              F - +4 ring of evasion
MPRegen  0.21/turn              r - +4 ring of evasion

@: no status effects
A: no striking features
a: Renounce Religion


You were on level 10 of the Dungeon.
You worshipped Vehumet.
Vehumet was pleased with you.
You were very hungry.

You visited 2 branches of the dungeon, and saw 11 of its levels.

You collected 559 gold pieces.

Inventory:

Hand Weapons
 v - a +3 quarterstaff of chaos
 w - a +1 dagger of venom (weapon)
 P - a +0 shortbow of freezing
Missiles
 s - 52 bolts
 J - 87 arrows
Armour
 b - a +2 leather armour of magic resistance
 t - a +0 pair of gloves (worn)
 C - a cursed +0 leather armour (worn)
 N - a +0 helmet (worn)
 O - a scarf of resistance (worn)
Jewellery
 g - an uncursed ring of see invisible
 r - a +4 ring of evasion (right hand)
 F - a +4 ring of evasion (left hand)
Wands
 y - a wand of paralysis (4)
 B - a wand of disintegration (22)
 D - a wand of acid (10)
 K - a wand of flame (8)
 L - a wand of random effects (32)
Scrolls
 a - 2 scrolls of amnesia {unknown}
 f - 2 scrolls of blinking {unknown}
 h - 3 scrolls of remove curse {unknown}
 i - 7 scrolls of teleportation {unknown}
 j - 12 scrolls of identify {unknown}
 q - 2 scrolls of enchant armour {unknown}
 u - a scroll of fog {unknown}
 G - a scroll of enchant weapon {unknown}
 I - a scroll of acquirement {unknown}
 M - a scroll of noise {unknown}
Potions
 c - a potion of lignification {unknown}
 e - 3 potions of degeneration {unknown}
 k - 2 potions of cancellation {unknown}
 l - a potion of stabbing {unknown}
 m - 4 potions of haste {unknown}
 n - 2 potions of curing {unknown}
 p - a potion of magic {unknown}
 x - 2 potions of flight {unknown}
 z - 3 potions of might {unknown}
 A - 2 potions of berserk rage {unknown}
 E - a potion of mutation {unknown}
 H - a potion of heal wounds {unknown}
Comestibles
 d - 20 rations


   Skills:
 - Level 4.3 Fighting
 + Level 3.7 Armour
 - Level 3.0 Dodging
 - Level 3.0 Stealth
 * Level 13.7 Spellcasting
 + Level 8.2 Conjurations
 - Level 1.1 Summonings
 - Level 1.1 Translocations
 + Level 7.5 Fire Magic
 - Level 1.0 Air Magic
 - Level 1.1 Earth Magic
 - Level 1.0 Poison Magic
 - Level 1.0 Evocations


You had 21 spell levels left.
You knew the following spells:

 Your Spells              Type           Power        Failure   Level  Hunger
a - Magic Dart            Conj           ####         1%          1    None
b - Mephitic Cloud        Conj/Pois/Air  #####...     3%          3    None
c - Call Imp              Summ           ###.....     4%          2    None
d - Blink                 Tloc           N/A          4%          2    None
e - Conjure Flame         Conj/Fire      ######..     1%          3    None
f - Foxfire               Conj/Fire      ####         1%          1    None
g - Stone Arrow           Conj/Erth      #####.       2%          3    None

Your spell library contained the following spells:

 Spells                   Type           Power        Failure   Level  Hunger
 Shock                    Conj/Air       ####         1%          1    None
 Sandblast                Erth           ###...       3%          1    None
 Passwall                 Tmut/Erth      ###.....     6%          2    None
 Slow                     Hex            ###.....     8%          2    None
 Recall                   Summ/Tloc      N/A          10%         3    None
 Petrify                  Tmut/Erth      ###.....     36%         4    None
 Lee's Rapid Deconstruct  Erth           ###.......   63%         5    ##.....
 Aura of Abjuration       Summ           ###.......   65%         5    ##.....
 Summon Demon             Summ           ###.......   65%         5    ##.....
 Summon Forest            Summ/Tloc      ###.......   65%         5    ##.....
 Summon Mana Viper        Hex/Summ       ###.....     73%         5    ##.....
 Shadow Creatures         Summ           N/A          99%         6    ####...


Dungeon Overview and Level Annotations

Branches:
Dungeon (10/15)            Temple (1/1) D:7             Orc (0/2) D:10
   Lair: D:8-11

Altars:
Ashenzari
Cheibriados
Dithmenos
Elyvilon
Fedhas
Gozag
Hepliaklqana
Kikubaaqudgha
Makhleb
Nemelex Xobeh
Okawaru
Qazlal
Ru
Sif Muna
Trog
Uskayaw
Vehumet
Wu Jian
Xom
Yredelemnul
Zin
The Shining One


Message History

You feel your power returning.
Casting: Foxfire (safe; 1% risk of failure)
Confirm with . or Enter, or press ? or * to list all spells.
Aiming: Mephitic Cloud (dangerous; 3% risk of failure)
Press: ? - help, Shift-Dir - straight line, f - bullfrog
Aim: a bullfrog (moderately wounded)
The ball explodes into a vile cloud!
The stinking cloud engulfs the bullfrog but does no damage.
The bullfrog is moderately wounded.
The bullfrog is engulfed in noxious fumes.
The bullfrog closely misses you.
You hit the bullfrog.
The bullfrog is poisoned.
The bullfrog is moderately wounded.
The bullfrog closely misses you.
You hit the bullfrog.
The bullfrog looks as sick as possible!
The bullfrog is severely wounded.
The bullfrog completely misses you. x2
Unknown command.
The bullfrog hits you!
You die...

#...##########........ ...
#............#....##.. ..>
#............#....##.# ....
###.........>#..>.##.##....
#..........#....##.......
####..........#........# ..
#.............#........# ...
#.............##.......#....
#..........@FO...........##.
#.....#######...............
##....## ##................
#.....####..°○.......y.....
##..........#○....#.....#..
#........).#.###.#.###.#.#
#..........#††...#H..o.# .
#.......#....†#...F.#..$..
#.......##....#.###.#.###(


You could see an ogre and a bullfrog (extremely poisoned).

Vanquished Creatures
  Harold (D:7)
  A two-headed ogre (D:8)
  A cyclops (D:8)
  A troll (D:9)
  A hippogriff (D:10)
  6 vampire mosquitoes
  Duvessa (D:7)
  3 water moccasins
  3 orc warriors
  3 sky beasts
  A black bear (D:9)
  A phantom (D:10)
  An ogre (D:10)
  3 centaurs
  A crocodile (D:7)
  5 bullfrogs
  A wyvern zombie (D:7)
  Dowan (D:7)
  3 scorpions
  6 killer bees (D:8)
  6 wights
  3 howler monkeys
  5 crimson imps
  7 hounds
  A quasit (D:7)
  A bullfrog zombie (D:5)
  2 jellies
  6 orc wizards
  6 orc priests
  Crazy Yiuf (D:2)
  Jessica (D:2)
  3 iguanas
  7 worker ants
  A hound zombie (D:8)
  Robin (D:2)
  A howler monkey skeleton (D:4)
  14 adders
  3 shadow imps
  An adder skeleton (D:4)
  A worm (D:4)
  2 dart slugs (D:1)
  3 leopard geckos
  33 orcs
  A ball python (D:5)
  3 giant cockroaches
  16 goblins
  16 hobgoblins
  3 quokkas
  6 bats
  7 frilled lizards
  A jackal zombie (D:7)
  8 kobolds
  A leopard gecko skeleton (D:4)
  2 quokka skeletons
  8 rats
225 creatures vanquished.

Vanquished Creatures (collateral kills)
  Menkaure (D:7)
  A bullfrog (D:7)
2 creatures vanquished.

Vanquished Creatures (others)
  100 foxfires
100 creatures vanquished.

Grand Total: 327 creatures vanquished

Notes
Turn   | Place    | Note
-------+----------+-------------------------------------------
     0 | D:1      | pokeman the Deep Elf Wizard began the quest for the Orb.
     0 | D:1      | Reached XP level 1. HP: 10/10 MP: 7/7
   313 | D:1      | Reached XP level 2. HP: 15/15 MP: 5/9
  1110 | D:1      | Reached skill level 5 in Spellcasting
  1364 | D:2      | Reached XP level 3. HP: 20/20 MP: 8/11
  1369 | D:2      | Learned a level 3 spell: Mephitic Cloud
  1372 | D:2      | Learned a level 2 spell: Call Imp
  1375 | D:2      | Learned a level 2 spell: Blink
  1379 | D:2      | Learned a level 3 spell: Conjure Flame
  1534 | D:2      | Reached skill level 1 in Armour
  1539 | D:2      | Noticed Robin
  1550 | D:2      | Reached skill level 1 in Fighting
  1912 | D:2      | Reached XP level 4. HP: 8/25 MP: 2/13
  2082 | D:2      | Killed Robin
  2813 | D:2      | Found a runed translucent door.
  2814 | D:2      | Noticed Crazy Yiuf
  2829 | D:2      | Killed Crazy Yiuf
  2829 | D:2      | Reached skill level 1 in Poison Magic
  3023 | D:2      | Noticed Jessica
  3028 | D:2      | Killed Jessica
  3028 | D:2      | Reached skill level 6 in Spellcasting
  3028 | D:2      | Reached XP level 5. HP: 26/29 MP: 8/15
  3235 | D:3      | Found a faded altar of an unknown god.
  3281 | D:3      | Reached skill level 1 in Fire Magic
  4522 | D:4      | Reached XP level 6. HP: 34/34 MP: 13/17
  4599 | D:4      | Reached skill level 1 in Evocations
  4608 | D:4      | Reached skill level 1 in Air Magic
  4803 | D:4      | Reached skill level 7 in Spellcasting
  5696 | D:5      | Entered Level 5 of the Dungeon
  5775 | D:5      | Reached XP level 7. HP: 17/38 MP: 11/20
  6035 | D:5      | Reached skill level 8 in Spellcasting
  6752 | D:6      | Reached XP level 8. HP: 29/44 MP: 14/22
  6756 | D:6      | Reached skill level 9 in Spellcasting
  7610 | D:6      | Reached skill level 5 in Conjurations
  8148 | D:7      | Found a staircase to the Ecumenical Temple.
  8155 | Temple   | Entered the Ecumenical Temple
  8265 | Temple   | Became a worshipper of Vehumet
  8418 | D:7      | Reached skill level 10 in Spellcasting
  8494 | D:7      | Noticed Harold
  8539 | D:7      | Killed Harold
  8539 | D:7      | Reached skill level 11 in Spellcasting
  8539 | D:7      | Reached skill level 5 in Fire Magic
  8539 | D:7      | Reached XP level 9. HP: 15/51 MP: 0/26
  8908 | D:7      | Noticed Dowan
  8913 | D:7      | Noticed Duvessa
  8928 | D:7      | Killed Duvessa
  8930 | D:7      | Killed Dowan
  9351 | D:7      | Noticed Menkaure
  9366 | D:7      | Killed Menkaure
  9861 | D:8      | Noticed a two-headed ogre
  9880 | D:8      | Killed a two-headed ogre
  9880 | D:8      | Reached skill level 12 in Spellcasting
 10179 | D:8      | Reached XP level 10. HP: 53/58 MP: 24/28
 10895 | D:8      | Noticed a cyclops
 10910 | D:8      | Killed a cyclops
 11042 | D:9      | Reached * piety under Vehumet
 11042 | D:9      | Offered knowledge of Foxfire by Vehumet.
 11045 | D:9      | Learned a level 1 spell: Foxfire
 11288 | D:9      | Found a shimmering altar of Xom.
 11289 | D:9      | Found a hazy altar of Hepliaklqana.
 11289 | D:9      | Found a bloodstained altar of Trog.
 11289 | D:9      | Found a white marble altar of Elyvilon.
 11290 | D:9      | Found a shimmering blue altar of Sif Muna.
 11291 | D:9      | Found a snail-covered altar of Cheibriados.
 11780 | D:9      | Learned a level 3 spell: Stone Arrow
 11966 | D:10     | Entered Level 10 of the Dungeon
 11970 | D:10     | Reached skill level 13 in Spellcasting
 12169 | D:9      | Reached skill level 1 in Earth Magic
 12535 | D:10     | Found a staircase to the Orcish Mines.
 12557 | D:10     | Reached ** piety under Vehumet
 12557 | D:10     | Offered knowledge of Shock by Vehumet.
 12725 | D:10     | Slain by a bullfrog

Illustrated notes

Levels and vault maps discovered:
D:1:      dpeg_arrival_fog, layout_basic
D:2:      layout_loops_ring, uniq_crazy_yiuf_cottage, uniq_robin, uniq_jessica
D:3:      layout_loops_corners, chequers_ecumenical_altar_island
D:4:      layout_gridville, first_ration
D:5:      layout_basic
D:6:      layout_layer_cave
D:7:      layout_basic, temple_fountains, kennysheep_generic_room_4,
          uniq_menkaure, uniq_harold, uniq_duvessa
D:8:      layout_loops_ring
D:9:      layout_loops_ring, minitemple
D:10:     hangedman_cross_stitches, layout_basic, orc_david_3, serial_shops,
          kennysheep_little_box, grunt_livestock
Temple:   regret_index_temple_sphere_string

Skill      XL: |  1  2  3  4  5  6  7  8  9 10 |
---------------+-------------------------------+-----
Spellcasting   | 5 6 7 8 11 12 13 | 13.7
Armour         | 1 2 3 |  3.7
Fighting       | 1 2 3 4 |  4.3
Conjurations   | 2 3 4 6 7 8 |  8.2
Dodging        | 3 |  3.0
Poison Magic   | 1 |  1.0
Stealth        | 3 |  3.0
Fire Magic     | 1 3 5 6 7 |  7.5
Evocations     | 1 |  1.0
Air Magic      | 1 |  1.0
Earth Magic    | 1 |  1.1
Summonings     | |  1.1
Translocations | |  1.1

Action                   |  1- 3 |  4- 6 |  7- 9 | 10-12 || total
-------------------------+-------+-------+-------+-------++-------
Melee: Dagger            |       |    31 |    74 |    64 ||   169
 Cast: Magic Dart        |    89 |   173 |   179 |    89 ||   530
       Mephitic Cloud    |     1 |     6 |    22 |    19 ||    48
       Call Imp          |       |     1 |     6 |     2 ||     9
       Conjure Flame     |       |       |    19 |     7 ||    26
       Blink             |       |       |     2 |     2 ||     4
       Foxfire           |       |       |       |    58 ||    58
       Stone Arrow       |       |       |       |    19 ||    19
Evoke: Wand              |       |       |     3 |     1 ||     4
 Stab: Confused          |       |     2 |     5 |     5 ||    12
  Eat: Chunk             |     2 |    13 |    12 |     4 ||    31
       Ration            |       |       |       |     1 ||     1
Armor: Robe              |     1 |       |       |       ||     1
       Leather armour    |       |     9 |    19 |     5 ||    33
Dodge: Dodged            |    10 |    48 |    73 |   117 ||   248
